 Dungeon Crawl Stone Soup version 0.25.1-1-g288607f5aa (webtiles) character file.

Game seed: 17566837525267179518

79 Nivan the Poker (level 4, -5/34 HPs)
             Began as a Merfolk Gladiator on July 22, 2020.
             Slain by an ogre
             ... wielding a +0 giant club
              (23 damage)
             ... on level 2 of the Dungeon.
             The game lasted 00:11:17 (1884 turns).

Nivan the Poker (Merfolk Gladiator)                 Turns: 1884, Time: 00:11:18

Health: -5/34      AC:  4    Str: 14    XL:     4   Next: 37%
Magic:  4/4        EV: 14    Int:  7    God:
Gold:   112        SH:  0    Dex: 16    Spells: 3/3 levels left

rFire    . . .     SeeInvis .   a - +0 trident
rCold    . . .     Gourm    .   (no shield)
rNeg     . . .     Faith    .   b - +0 leather armour
rPois    .         Spirit   .   c - +0 helmet
rElec    .         Reflect  .   o - scarf {+Inv}
rCorr    .         Harm     .   (no gloves)
MR       .....                  (no boots)
Stlth    +.........             (no amulet)
HPRegen  0.11/turn              (no ring)
MPRegen  0.09/turn              (no ring)

@: no status effects
A: change form in water, swift swim, stealthy swim
a: Evoke Invisibility


You were on level 2 of the Dungeon.
You were not hungry.

You visited 1 branch of the dungeon, and saw 2 of its levels.

You collected 112 gold pieces.

Inventory:

Hand Weapons
 a - a +0 trident (weapon)
Missiles
 d - 3 throwing nets (quivered)
Armour
 b - a +0 leather armour (worn)
 c - a +0 helmet (worn)
 m - a +0 ring mail
 n - a +0 scale mail
 o - a scarf of invisibility (worn)
Scrolls
 e - a scroll of fog {unknown}
 i - a scroll of enchant armour {unknown}
 j - a scroll of magic mapping {unknown}
 k - a scroll of identify {unknown}
Potions
 g - a potion of mutation {unknown}
 l - a potion of invisibility {unknown}
Comestibles
 f - 2 rations
 h - a chunk of flesh


   Skills:
 * Level 2.9 Fighting
 + Level 5.9 Polearms
 - Level 2.1 Throwing
 + Level 0.6 Armour
 + Level 4.6 Dodging
 + Level 0.7 Stealth


You had 3 spell levels left.
You didn't know any spells.
Your spell library was empty.

Dungeon Overview and Level Annotations

Branches:
Dungeon (2/15)

Altars:


Message History

You hit the ogre but do no damage. The ogre closely misses you.
You hit the ogre.
The ogre is lightly wounded.
The ogre barely misses you.
You barely miss the ogre.
The ogre is lightly wounded.
Some of the chunks of flesh in your inventory have rotted away.
You hit the ogre but do no damage.
The ogre is lightly wounded.
The ogre hits you with a +0 giant club!
You puncture the ogre!
The ogre is heavily wounded.
You completely miss the ogre.
The ogre is heavily wounded.
The ogre barely misses you.
You hit the ogre.
The ogre is severely wounded.
The ogre hits you with a +0 giant club!!
Ouch! That really hurt!
You die...

#############......####.##.#.....
..##...............#....##.......
..##...........#...#.............
..##.........................#...
..##.........................#.##
........................######.##
...............#g.............[##
#......##......#O#####...########
#......##...>..#@#####...#.##.###
#..............#.##......#.......
...............#.##.###..#.......
...............#+##.#....########
.......##........................
........##..#............########
........'................'....#
..<.....######...........####.#
............##...........# #.#


You could see an ogre and a goblin.

Vanquished Creatures
  An adder (D:2)
  A worm (D:2)
  5 dart slugs
  2 leopard geckos (D:1)
  7 bats
  4 giant cockroaches (D:1)
  5 goblins
  6 hobgoblins (D:1)
  3 jackals (D:1)
  3 kobolds
  2 quokkas (D:2)
  A ball python (D:2)
  3 frilled lizards
  5 rats
48 creatures vanquished.

Vanquished Creatures (others)
  A dart slug (D:2)
1 creature vanquished.

Grand Total: 49 creatures vanquished

Notes
Turn   | Place    | Note
-------+----------+-------------------------------------------
     0 | D:1      | Nivan the Merfolk Gladiator began the quest for the Orb.
     0 | D:1      | Reached XP level 1. HP: 16/16 MP: 1/1
    52 | D:1      | Reached XP level 2. HP: 10/22 MP: 2/2
   262 | D:1      | Reached skill level 5 in Polearms
   478 | D:1      | Reached XP level 3. HP: 28/28 MP: 3/3
  1451 | D:2      | Reached XP level 4. HP: 34/34 MP: 4/4
  1853 | D:2      | Noticed an ogre
  1884 | D:2      | Slain by an ogre

Illustrated notes

Levels and vault maps discovered:
D:1:      dpeg_arrival_stone_temple_mockup, layout_loops_ring,
          nrook_mini_backslash, minmay_split_cup_small
D:2:      layout_basic

Skill      XL: |  1  2 |
---------------+-------+-----
Polearms       | 5 |  5.9
Fighting       | |  2.9
Throwing       | |  2.1
Armour         | |  0.6
Dodging        | |  4.6
Stealth        | |  0.7

Action                   |  1- 3 |  4- 6 || total
-------------------------+-------+-------++-------
Melee: Trident           |   107 |    33 ||   140
 Stab: Sleeping          |     5 |     3 ||     8
  Eat: Chunk             |     2 |     1 ||     3
Armor: Leather armour    |    19 |     2 ||    21
Dodge: Dodged            |    56 |    17 ||    73
